[Event "*** Titled Tuesday Blitz"]
[Site "Chess.com"]
[Date "2020.04.07"]
[Round "3"]
[White "nochewycandy"]
[Black "julinha97"]
[Result "1-0"]
[WhiteElo "2525"]
[BlackElo "2191"]
[TimeControl "180+1"]
[EndTime "13:26:13 PDT"]
[Termination "nochewycandy won by resignation"]

1. e4 c5 2. Nc3 Nc6 3. Bb5 Nd4 4. Nf3 e6 5. O-O g6 6. Nxd4 cxd4 7. Ne2 Qb6 8. Ba4 Bg7 9. c3 e5 10. cxd4 exd4 11. d3 Ne7 12. Bg5 Nc6 13. Nf4 O-O 14.
Nd5 Qa5 15. f4 b5 16. Bb3 d6 17. Rc1 Nb4 18. Qe1 1-0

[Event "*** Titled Tuesday Blitz"]
[Site "Chess.com"]
[Date "2020.04.07"]
[Round "3"]
[White "Zkid"]
[Black "ninjaturtle04"]
[Result "1-0"]
[WhiteElo "2817"]
[BlackElo "2575"]
[TimeControl "180+1"]
[EndTime "13:26:22 PDT"]
[Termination "Zkid won by resignation"]

1. e4 c5 2. Nf3 d6 3. c3 Nf6 4.
Be2 Bd7 5. d3 e5 6. O-O Nc6 7.
Re1 Be7 8. Bf1 O-O 9. d4 exd4 10. cxd4 cxd4 11. Nxd4 d5 12. exd5 Nxd5 13. Nb5 Be6 14.
N1c3 Nxc3 15. Nxc3 Qa5 16. Be3 Rfd8 17. Qa4 Qxa4 18.
Nxa4 Nb4 19. Rec1 Bf6 20. a3 Nd5 21. Bd2 b6 1-0

[Event "*** Titled Tuesday Blitz"]
[Site "Chess.com"]
[Date "2020.04.07"]
[Round "3"]
[White "albi1999"]
[Black "mathapples"]
[Result "1-0"]
[WhiteElo "2594"]
[BlackElo "2324"]
[TimeControl "180+1"]
[EndTime "13:26:25 PDT"]
[Termination "albi1999 won by resignation"]

1. d4 d5 2. c4 e6 3. Nf3 Nf6 4. g3 c6 5. Qc2 Nbd7 6. Bg2 Bd6 7. O-O O-O 8. Rd1 Re8 9. Nc3 dxc4 10. e4 Be7 11. a4 a6 12. Nd2 e5 13. dxe5 Nxe5 14. Nxc4 Qc7 15. Bf4 Nfg4 16. Nxe5 Nxe5 17. Nd5 Qb8 18. Nxe7+ Kf8 19. Nxc8 Qxc8 20. Qc5+ Kg8 21. Bxe5 b6 22. Qd6 Re6 23. Qc7 Qe8 24. Bf4 Rc8 25.
Qxb6 c5 26. Qa5 c4 27. Bh3 1-0

[Event "*** Titled Tuesday Blitz"]
[Site "Chess.com"]
[Date "2020.04.07"]
[Round "3"]
[White "j2806"]
[Black "SanchezKelvin"]
[Result "0-1"]
[WhiteElo "2000"]
[BlackElo "2331"]
[TimeControl "180+1"]
[EndTime "13:26:29 PDT"]
[Termination "SanchezKelvin won by checkmate"]

1. e4 c5 2. Nf3 d6 3. d4 cxd4 4. Nxd4 Nf6 5. Nc3 g6 6. Be3 Bg7 7. f3 O-O 8. Qd2 Nc6 9. O-O-O Nxd4 10. Bxd4 Be6 11. Kb1 Qc7 12. g4 Rfc8 13. h4 Qa5 14.
a3 Rab8 15. h5 b5 16. hxg6 fxg6 17. g5 b4 18. Nd5 Nxd5 19. exd5 Qxd5 20. Bxg7 Qa2+ 21.
Kc1 Qa1# 0-1

[Event "*** Titled Tuesday Blitz"]
[Site "Chess.com"]
[Date "2020.04.07"]
[Round "3"]
[White "Nancy11111"]
[Black "Fy_Rakotomaharo"]
[Result "1-0"]
[WhiteElo "2367"]
[BlackElo "2588"]
[TimeControl "180+1"]
[EndTime "13:26:31 PDT"]
[Termination "Nancy11111 won by resignation"]

1. e4 c5 2. Nc3 a6 3. f4 b5 4. Nf3 Bb7 5. d4 cxd4 6. Nxd4 e6 7. Bd3 Qb6 8. Nb3 Nf6 9. Qe2 b4 10. Na4 Qc6 11. Na5 Qxa4 12. Nxb7 Qc6 13. Na5 Qc7 14. Nc4 Nc6 15. Be3 Rb8 16. O-O-O Be7 17. e5 Nd5 18. Be4 Nxe3 19. Qxe3 O-O 20. Qd3 Rfd8 21.
Bxh7+ Kh8 22. Qh3 1-0

[Event "*** Titled Tuesday Blitz"]
[Site "Chess.com"]
[Date "2020.04.07"]
[Round "3"]
[White "SanQui14"]
[Black "Gennady_Kozlov"]
[Result "0-1"]
[WhiteElo "2306"]
[BlackElo "2578"]
[TimeControl "180+1"]
[EndTime "13:26:34 PDT"]
[Termination "Gennady_Kozlov won by resignation"]

1. d4 e6 2. Bf4 Nf6 3. e3 b6 4.
c3 Bb7 5. Nf3 Be7 6. Be2 Nh5 7.
Bg3 Nxg3 8. hxg3 d6 9. Nbd2 Nd7 10. O-O f5 11. Qc2 Nf6 12. Bd3 d5 13. Ne5 O-O 14. f3 Bd6 15. Kf2 Bxe5 16. dxe5 Nd7 17. f4 c5 18. Rh1 g6 19. Nf3 c4 20. Be2 Nc5 21.
Ng5 Ne4+ 22. Nxe4 fxe4 23. Bg4 Bc8 24. Qd1 Qc7 25. Qg1 Qxe5 26. Qh2 Qg7 27. Qh3 e5 28.
Be6+ Kh8 29. Ke2 d4 30. fxe5 d3+ 31. Ke1 Bxe6 32. Qxe6 Rae8 33. Qh3 Rxe5 34. Rd1 Rh5 0-1

[Event "*** Titled Tuesday Blitz"]
[Site "Chess.com"]
[Date "2020.04.07"]
[Round "3"]
[White "lilleper1"]
[Black "gena217"]
[Result "0-1"]
[WhiteElo "2665"]
[BlackElo "2945"]
[TimeControl "180+1"]
[EndTime "13:26:37 PDT"]
[Termination "gena217 won by resignation"]

1. d4 Nf6 2. c4 e6 3. Nf3 d5 4. g3 dxc4 5. Bg2 c5 6. O-O Nc6 7. dxc5 Qxd1 8. Rxd1 Bxc5 9. Nbd2 c3 10. bxc3 O-O 11.
Nb3 Be7 12. Nfd4 Bd7 13. Nb5 Ne5 14. Ba3 Bxa3 15. Nxa3 Rac8 16. f4 Ng6 17. Bxb7 Rxc3 18. Rac1 Rxc1 19. Rxc1 e5 20. Nc5 exf4 21. gxf4 Nxf4 22.
Kf2 Re8 23. Nxd7 Nxd7 24. Bc6 Rxe2+ 25. Kf3 Ne5+ 26. Kxf4 Nd3+ 27. Kf3 Nxc1 0-1

[Event "*** Titled Tuesday Blitz"]
[Site "Chess.com"]
[Date "2020.04.07"]
[Round "3"]
[White "SuperNM"]
[Black "BeanScreen"]
[Result "1-0"]
[WhiteElo "2420"]
[BlackElo "2616"]
[TimeControl "180+1"]
[EndTime "13:26:39 PDT"]
[Termination "SuperNM won by resignation"]

1. d4 d5 2. c4 dxc4 3. Nf3 a6 4. e3 Nf6 5. Bxc4 e6 6. Bd3 c5 7. O-O Nc6 8. Nc3 Be7 9. a3 cxd4 10. exd4 O-O 11. Re1 Nd5 12. Qe2 Bf6 13. Qe4 g6 14. Bh6 Bg7 15. Bxg7 Kxg7 16. Nxd5 Qxd5 17. Qxd5 exd5 18.
h3 Kf6 19. Rac1 Bf5 20. Bxf5 Kxf5 21. Rc5 Rad8 22. b4 Rd6 23. b5 axb5 24. Rxb5 Rd7 25. Ne5 Re8 26. g4+ Kg5 27. Nxf7+ Rxf7 28. Rxe8 Nxd4 29.
Rxd5+ Kh4 30. Rxd4 Kxh3 31. g5 1-0

[Event "*** Titled Tuesday Blitz"]
[Site "Chess.com"]
[Date "2020.04.07"]
[Round "3"]
[White "MisiekZielony"]
[Black "PowerThinking2650"]
[Result "1-0"]
[WhiteElo "2140"]
[BlackElo "2349"]
[TimeControl "180+1"]
[EndTime "13:26:42 PDT"]
[Termination "MisiekZielony won by resignation"]

1. c4 Nf6 2. Nc3 g6 3. g3 Bg7 4.
Bg2 d6 5. e4 c5 6. Nge2 Nc6 7.
O-O h5 8. h3 h4 9. g4 Bxg4 10.
hxg4 h3 11. Bf3 Ne5 12. Ng3 h2+ 13. Kg2 e6 14. d3 Rh4 15. Bg5 Rh7 16. Be2 Bh6 17. Bxh6 Rxh6 18. g5 h1=Q+ 19. Rxh1 Rxh1 20. Qxh1 Ng8 21. f4 Nc6 22. Qh8 Kd7 23. Qg7 Qe8 24. Rh1 Nge7 25. Rh7 1-0

[Event "*** Titled Tuesday Blitz"]
[Site "Chess.com"]
[Date "2020.04.07"]
[Round "3"]
[White "olksuna"]
[Black "semchik73"]
[Result "1-0"]
[WhiteElo "2602"]
[BlackElo "2329"]
[TimeControl "180+1"]
[EndTime "13:26:44 PDT"]
[Termination "olksuna won by resignation"]

1. c4 e5 2. Nc3 Nf6 3. g3 d5 4.
cxd5 Nxd5 5. Bg2 Be6 6. Nf3 Nc6 7. O-O Be7 8. d4 Nxc3 9. bxc3 e4 10. Nd2 f5 11. e3 O-O 12. c4 Nb4 13. Qb3 a5 14. f3 a4 15. Qc3 exf3 16. Nxf3 c5 17. Rd1 Qc7 18. a3 cxd4 19. exd4 Na6 20. d5 Bf6 21. Nd4 Bf7 22. Bf4 Qc5 23. Rac1 Rac8 24. Qd3 Rfd8 25. Kh1 g6 26. h4 Nc7 27. Nf3 b5 28. cxb5 Qb6 29. Rc6 Qb7 30. Rxf6 Nxd5 31. Rd6 Nxf4 32. Rxd8+ Rxd8 33. Qxd8+ Kg7 34. Qd4+ Kg8 35.
Qxf4 1-0

[Event "*** Titled Tuesday Blitz"]
[Site "Chess.com"]
[Date "2020.04.07"]
[Round "3"]
[White "googlegoom"]
[Black "orrbaverlekszarnyon"]
[Result "1-0"]
[WhiteElo "2406"]
[BlackElo "2145"]
[TimeControl "180+1"]
[EndTime "13:26:49 PDT"]
[Termination "googlegoom won by resignation"]

1. Nf3 c5 2. b3 Nf6 3. Bb2 g6 4.
e3 Bg7 5. Be2 Nc6 6. O-O O-O 7.
d4 cxd4 8. Nxd4 d6 9. c4 Bd7 10. Nd2 a5 11. a3 a4 12. b4 h5 13.
Rc1 h4 14. h3 Qc8 15. N2f3 Bxh3 16. gxh3 Qxh3 17. Nh2 Ne5 18. Bf3 g5 19. Bg2 Qd7 20. f4 gxf4 21. exf4 Ng6 22. f5 Ne5 23. Ndf3 Neg4 24.
Nxg4 Nxg4 25. Bxg7 Kxg7 26. Nxh4 f6 27. Qxg4+ 1-0

[Event "*** Titled Tuesday Blitz"]
[Site "Chess.com"]
[Date "2020.04.07"]
[Round "3"]
[White "AleksanderHnydiuk"]
[Black "A-Fier"]
[Result "1-0"]
[WhiteElo "2569"]
[BlackElo "2818"]
[TimeControl "180+1"]
[EndTime "13:26:53 PDT"]
[Termination "AleksanderHnydiuk won by resignation"]

1. Nf3 c5 2. c4 Nc6 3. d4 cxd4 4. Nxd4 Nf6 5. Nc3 e6 6. g3 Qb6 7. Ndb5 Ne5 8. Bg2 Nxc4 9. O-O a6 10. Qa4 Ne5 11.
Bf4 Nfg4 12. h3 g5 13. Bxg5 Rb8 14. hxg4 axb5 15. Nxb5 Be7 16. Bxe7 Kxe7 17. Rfd1 Nc6 18. Qa3+ Kd8 19. Nd6 Rf8 20. Nxc8 1-0

[Event "*** Titled Tuesday Blitz"]
[Site "Chess.com"]
[Date "2020.04.07"]
[Round "3"]
[White "Gerasimenyuk_Miha"]
[Black "valeriocarnicelli"]
[Result "0-1"]
[WhiteElo "2378"]
[BlackElo "2607"]
[TimeControl "180+1"]
[EndTime "13:26:54 PDT"]
[Termination "valeriocarnicelli won by resignation"]

1. d4 Nf6 2. Nf3 g6 3. Bg5 Bg7 4. Nbd2 O-O 5. e3 d6 6. Bd3 Nbd7 7. h4 h6 8. h5 Nxh5 9. g4 Nhf6 10. Bxh6 Bxh6 11. Rxh6 Nxg4 12. Rh4 Ndf6 13. Ng5 Kg7 14. Ndf3 Rh8 15. Qe2 Rxh4 16. Nxh4 Qh8 17. Ngf3 g5 18. Nf5+ Bxf5 19. Bxf5 Qh1+ 20. Qf1 Qxf3 21. Bd3 Rh8 22.
Be2 Qh1 0-1

[Event "*** Titled Tuesday Blitz"]
[Site "Chess.com"]
[Date "2020.04.07"]
[Round "3"]
[White "Haykos"]
[Black "Oleg_Papayan"]
[Result "1-0"]
[WhiteElo "2599"]
[BlackElo "2328"]
[TimeControl "180+1"]
[EndTime "13:26:55 PDT"]
[Termination "Haykos won by resignation"]

1. e4 c5 2. Nf3 Nc6 3. Bb5 g6 4. Bxc6 bxc6 5. O-O Bg7 6. Re1 e5 7. Nc3 Ne7 8. b3 O-O 9. Ba3 d6 10. Na4 f5 11. d3 f4 12. h3 h6 13. c3 g5 14. d4 cxd4 15. cxd4 exd4 16. Nxd4 f3 17.
Nxf3 Bxa1 18. Qxa1 Bxh3 19. Qd4 Ng6 20. Bxd6 Rxf3 21. gxf3 Nh4 22. Re3 Bg2 23. Qc4+ Kg7 24. Be5+ Kg6 25. Qe6+ Kh5 26. Qf7+ 1-0

[Event "*** Titled Tuesday Blitz"]
[Site "Chess.com"]
[Date "2020.04.07"]
[Round "3"]
[White "Panchenko_Dmitry"]
[Black "Alexander_Donchenko"]
[Result "0-1"]
[WhiteElo "2479"]
[BlackElo "2853"]
[TimeControl "180+1"]
[EndTime "13:26:58 PDT"]
[Termination "Alexander_Donchenko won by resignation"]

1. e4 c5 2. Nf3 d6 3. d4 cxd4 4. Nxd4 Nf6 5. Nc3 a6 6. Be3 e5 7. Nde2 Be6 8. f4 Be7 9. f5 Bd7 10. Ng3 h5 11. Be2 h4 12. Nh5 Nxh5 13. Bxh5 Bg5 14.
Bf2 Bc6 15. Bf3 Rh6 16. Qd3 Nd7 17. O-O Rc8 18. Rad1 Qa5 19. a3 b5 20. Nd5 Bxd5 21. Qxd5 Rxc2 22. Qa8+ Ke7 23. Qg8 Nf6 24. Rxd6 Nxg8 0-1

[Event "*** Titled Tuesday Blitz"]
[Site "Chess.com"]
[Date "2020.04.07"]
[Round "3"]
[White "FelixJoseYnojosa"]
[Black "tufferguy"]
[Result "1-0"]
[WhiteElo "2638"]
[BlackElo "2408"]
[TimeControl "180+1"]
[EndTime "13:27:09 PDT"]
[Termination "FelixJoseYnojosa won by resignation"]

1. c4 e5 2. Nc3 Nf6 3. Nf3 Nc6 4. e4 Bb4 5. d3 d6 6. h3 O-O 7. Be2 Nd4 8. O-O c6 9. Be3 Nxf3+ 10. Bxf3 Be6 11.
Rc1 Bxc3 12. Rxc3 d5 13. exd5 cxd5 14. d4 e4 15. Be2 Rc8 16. c5 Nd7 17. b4 f5 18. Bf4 Kh8 19. b5 g5 20. Bd6 Rg8 21.
Qa4 f4 22. c6 bxc6 23. bxc6 Nf6 24. Be5 a5 25. c7 Qe7 26. Qa3 Qf7 27. Bh5 Qf8 28. Qxf8 Rgxf8 29. Rc6 1-0

[Event "*** Titled Tuesday Blitz"]
[Site "Chess.com"]
[Date "2020.04.07"]
[Round "3"]
[White "Mezioudamina88"]
[Black "CyberneticLion"]
[Result "0-1"]
[WhiteElo "2095"]
[BlackElo "2509"]
[TimeControl "180+1"]
[EndTime "13:27:11 PDT"]
[Termination "CyberneticLion won by resignation"]

1. e4 e5 2. Nc3 Nf6 3. g3 d5 4. exd5 Nxd5 5. Bg2 Nxc3 6. bxc3 Bd6 7. Ne2 O-O 8. O-O c6 9. d4 Be6 10. a4 Na6 11.
Re1 Qc7 12. Be3 Rad8 13. Qb1 b6 14. Nc1 exd4 15. cxd4 Bb4 16. Rd1 Bg4 17. f3 Bf5 18. Bf1 Qe7 19. Bf2 Nc7 20. Re1 Bxe1 21. g4 Bg6 0-1

[Event "*** Titled Tuesday Blitz"]
[Site "Chess.com"]
[Date "2020.04.07"]
[Round "3"]
[White "Keranke"]
[Black "Mops_2004"]
[Result "1-0"]
[WhiteElo "2785"]
[BlackElo "2530"]
[TimeControl "180+1"]
[EndTime "13:27:15 PDT"]
[Termination "Keranke won by resignation"]

1. d4 g6 2. c4 Bg7 3. g3 Nf6 4. Bg2 O-O 5. Nc3 d6 6. Nf3 Nc6 7. O-O a6 8. Bf4 Rb8 9. Rc1 Bd7 10. Qd2 b5 11. Nd5 Nh5 12. Bh6 e6 13. Bxg7 Kxg7 14. Nc3 Nf6 15. d5 Ne7 16. dxe6 Bxe6 17. cxb5 axb5 18.
Nd4 b4 19. Ncb5 Ned5 20. e4 Bd7 21. Nxd6 cxd6 22. exd5 Qb6 23. Nc6 Ra8 24. Qxb4 Qxb4 25. Nxb4 Bf5 26. Rc6 Ne4 27. g4 1-0

[Event "*** Titled Tuesday Blitz"]
[Site "Chess.com"]
[Date "2020.04.07"]
[Round "3"]
[White "volcanoexplorer"]
[Black "joksijoksi"]
[Result "1-0"]
[WhiteElo "2543"]
[BlackElo "2267"]
[TimeControl "180+1"]
[EndTime "13:27:15 PDT"]
[Termination "volcanoexplorer won by resignation"]

1. e4 e6 2. d4 d5 3. Nc3 Bb4 4. e5 c5 5. a3 Bxc3+ 6. bxc3 Qa5 7. Bd2 Qa4 8. Qg4 Kf8 9. Ra2 Nc6 10. Nf3 Nge7 11. Bd3 b6 12. O-O Ba6 13. h3 Bxd3 14. cxd3 cxd4 15. cxd4 h5 16. Qf4 Nf5 17. Rc1 Ncxd4 18.
Bb4+ Kg8 19. Nxd4 a5 20. Nxf5 axb4 21. Ne7+ 1-0

[Event "*** Titled Tuesday Blitz"]
[Site "Chess.com"]
[Date "2020.04.07"]
[Round "3"]
[White "wang5ter"]
[Black "Bathory44"]
[Result "0-1"]
[WhiteElo "2273"]
[BlackElo "2543"]
[TimeControl "180+1"]
[EndTime "13:27:25 PDT"]
[Termination "Bathory44 won by checkmate"]

1. Nf3 Nf6 2. e3 g6 3. d4 Bg7 4. c4 O-O 5. Be2 c5 6. d5 e6 7. Nc3 exd5 8. cxd5 d6 9. O-O Bg4 10. h3 Bxf3 11. Bxf3 a6 12. a4 Nbd7 13. Bd2 c4 14.
Be2 Rc8 15. Qc2 Re8 16. f3 Nh5 17. Ne4 Nc5 18. Nxc5 Rxc5 19. e4 Bd4+ 20. Kh2 Qh4 21. Be1 Be5+ 22. Kg1 Qf4 23. Bd2 Qh2+ 24. Kf2 Bg3+ 25.
Ke3 Nf4 26. Bb4 Nxd5+ 27. Kd4 Bf2+ 28. Rxf2 Qe5# 0-1

[Event "*** Titled Tuesday Blitz"]
[Site "Chess.com"]
[Date "2020.04.07"]
[Round "3"]
[White "Eltaj_Safarli"]
[Black "pedromartinez91"]
[Result "1-0"]
[WhiteElo "3050"]
[BlackElo "2497"]
[TimeControl "180+1"]
[EndTime "13:27:26 PDT"]
[Termination "Eltaj_Safarli won by resignation"]

1. e4 e6 2. d4 d5 3. Nd2 dxe4 4. Nxe4 Nd7 5. Bd3 Ngf6 6. Qe2 c5 7. dxc5 Nxc5 8. Nxc5 Bxc5 9. Bd2 Qb6 10. O-O-O Bd7 11. Nf3 Rc8 12. Ne5 Ba4 13. Kb1 Bd4 14. b3 O-O 15.
Nc4 Rxc4 16. Bxc4 Bc6 17. f3 Nd5 18. Bxd5 Bxd5 19. c4 Bc6 20. Bc1 Rc8 21. Bb2 Bc5 22. Qe5 Bf8 23. Rhe1 Qf2 24. Re2 Qh4 25. Rd4 Qh5 26.
Qxh5 1-0

[Event "*** Titled Tuesday Blitz"]
[Site "Chess.com"]
[Date "2020.04.07"]
[Round "3"]
[White "Abdimalik_Abdisalimov"]
[Black "marcodobrikov"]
[Result "1-0"]
[WhiteElo "2851"]
[BlackElo "2481"]
[TimeControl "180+1"]
[EndTime "13:27:27 PDT"]
[Termination "Abdimalik_Abdisalimov won by checkmate"]

1. d4 Nf6 2. c4 g6 3. Nc3 d5 4. cxd5 Nxd5 5. e4 Nxc3 6. bxc3 Bg7 7. Bc4 O-O 8. Ne2 c5 9. O-O Nc6 10.
Be3 e5 11. dxc5 Qa5 12. Qb3 Qc7 13. Bd5 Bf6 14. c4 Be7 15. Rfd1 Kg7 16. Rac1 Qa5 17. Qb5 Qc7 18. Qa4 Bd7 19. Qa3 f5 20. exf5 gxf5 21.
f4 e4 22. Nc3 Bf6 23. Nb5 Qc8 24. Nd6 Qc7 25. Qb3 Rab8 26. Rc2 Kh8 27. g3 b6 28. Nb5 Qc8 29. cxb6 axb6 30. Qa3 Be7 31. Qxe7 Nxe7 32. Bd4+ Rf6 33. Bxf6# 1-0

[Event "*** Titled Tuesday Blitz"]
[Site "Chess.com"]
[Date "2020.04.07"]
[Round "3"]
[White "ama18"]
[Black "VladimirBelous"]
[Result "0-1"]
[WhiteElo "2459"]
[BlackElo "2762"]
[TimeControl "180+1"]
[EndTime "13:27:28 PDT"]
[Termination "VladimirBelous won by resignation"]

1. e4 c5 2. Nf3 Nc6 3. d4 cxd4 4. Nxd4 e5 5. Nb5 d6 6. N1c3 a6 7. Na3 b5 8. Nd5 Nge7 9. c4 Nxd5 10. cxd5 Nd4 11.
Be3 g6 12. Bxd4 exd4 13. Qxd4 Qa5+ 14. Qd2 Qxd2+ 15. Kxd2 Bh6+ 16. Kc2 f5 17. Bd3 O-O 18. f3 fxe4 19. Bxe4 Bf5 20. Rae1 Rac8+ 21. Kb1 Rc5 22. Nc2 Bxe4 23. fxe4 Rf2 24. Nb4 Rc4 25. Nd3 Rd2 26. Nc1 Bg7 27. Re2 Rxc1+ 0-1

[Event "*** Titled Tuesday Blitz"]
[Site "Chess.com"]
[Date "2020.04.07"]
[Round "3"]
[White "penguingm1"]
[Black "bangchess21"]
[Result "1-0"]
[WhiteElo "2900"]
[BlackElo "2643"]
[TimeControl "180+1"]
[EndTime "13:27:30 PDT"]
[Termination "penguingm1 won by resignation"]

1. d4 Nf6 2. c4 e6 3. Nc3 Bb4 4. Qc2 Nc6 5. Nf3 d6 6. Bd2 O-O 7. a3 Bxc3 8. Bxc3 Qe7 9. e3 e5 10. d5 Nb8 11. Bd3 c6 12. dxc6 Nxc6 13. O-O Bg4 14. Nd2 Rac8 15. b4 Bh5 16. Qb2 Bg6 17.
Be2 Ne4 18. Nxe4 Bxe4 19. Rfd1 Qe6 20. Rd2 Rcd8 21. Rad1 Qg6 22. f3 Bf5 23. b5 Ne7 24. Bxe5 Bh3 25. Bf1 Nf5 26. Bf4 Nh4 27. Bg3 Nf5 28.
gxh3 Nxe3 29. Re1 Rfe8 30. Rde2 Qg5 31. Qd4 1-0

[Event "*** Titled Tuesday Blitz"]
[Site "Chess.com"]
[Date "2020.04.07"]
[Round "3"]
[White "poummba"]
[Black "tomozupan"]
[Result "1-0"]
[WhiteElo "2493"]
[BlackElo "2263"]
[TimeControl "180+1"]
[EndTime "13:27:30 PDT"]
[Termination "poummba won by resignation"]

1. e4 e5 2. Bc4 Nc6 3. Nf3 Bc5 4. d3 Nf6 5. Nc3 d6 6. Bg5 h6 7. Bxf6 Qxf6 8. Nd5 Qd8 9. c3 Be6 10. b4 Bb6 11. a4 a5 12. Nxb6 cxb6 13. Bxe6 fxe6 14.
O-O O-O 15. b5 Ne7 16. d4 exd4 17. cxd4 Ng6 18. Qb3 Qe8 19. g3 Qf7 20. Kg2 Kh7 21.
Rfe1 Rae8 22. Re3 Re7 23. Rc1 Qf6 24. Qd3 Ref7 25. e5 dxe5 26. dxe5 Qe7 27. h4 h5 28. Ng5+ Kh8 29. Qxg6 Rxf2+ 30. Kh3 1-0

[Event "*** Titled Tuesday Blitz"]
[Site "Chess.com"]
[Date "2020.04.07"]
[Round "3"]
[White "levallem"]
[Black "Khalakhanov"]
[Result "1-0"]
[WhiteElo "2101"]
[BlackElo "2381"]
[TimeControl "180+1"]
[EndTime "13:27:31 PDT"]
[Termination "levallem won by resignation"]

1. d4 d5 2. c4 c6 3. cxd5 cxd5 4. Nc3 Nf6 5. Nf3 Nc6 6. Bf4 a6 7. e3 Bg4 8. Qa4 Bd7 9. Qc2 e6 10. Ne5 Rc8 11. Nxc6 Bxc6 12. Bd3 Bd6 13. Bxd6 Qxd6 14. O-O O-O 15. Rac1 g6 16. Qe2 h5 17. Rc2 Bd7 18. Rfc1 Kg7 19. Nb1 Rxc2 20. Qxc2 Rc8 21. Qd2 Rxc1+ 22.
Qxc1 h4 23. h3 g5 24. Nd2 g4 25. hxg4 Nxg4 26. Nf3 h3 27. gxh3 Nf6 28. Ne5 Bb5 29.
Bxb5 axb5 30. Qc5 Qe7 31. Qxe7 1-0

[Event "*** Titled Tuesday Blitz"]
[Site "Chess.com"]
[Date "2020.04.07"]
[Round "3"]
[White "piscatorox"]
[Black "Manukyan_Artak"]
[Result "1-0"]
[WhiteElo "2247"]
[BlackElo "2415"]
[TimeControl "180+1"]
[EndTime "13:27:32 PDT"]
[Termination "piscatorox won by resignation"]

1. e4 c5 2. Nf3 a6 3. c4 Nc6 4. Nc3 g6 5. d4 cxd4 6. Nxd4 Bg7 7. Nxc6 bxc6 8. Be3 d6 9. Bd4 e5 10. Be3 c5 11.
Qd2 Nf6 12. Rd1 Bf8 13. Bxc5 Bb7 14. Bxd6 Nxe4 15. Nxe4 Bxe4 16. Qb4 Bxd6 17. Rxd6 Qg5 18. Rd2 Bxg2 19. Rg1 Qf5 20. Bxg2 Rd8 21. Bc6+ 1-0

[Event "*** Titled Tuesday Blitz"]
[Site "Chess.com"]
[Date "2020.04.07"]
[Round "3"]
[White "Aygehovit1992"]
[Black "1f3_2g41-0"]
[Result "1-0"]
[WhiteElo "2731"]
[BlackElo "2162"]
[TimeControl "180+1"]
[EndTime "13:27:33 PDT"]
[Termination "Aygehovit1992 won by checkmate"]

1. e4 c5 2. Nf3 d6 3. d4 cxd4 4. Nxd4 Nf6 5. Nc3 a6 6. Be3 e5 7. Nf3 Be7 8. Bc4 O-O 9. O-O Be6 10. Bb3 Nc6 11. Bg5 b5 12. Bxf6 Bxf6 13. Nd5 Be7 14.
Qe2 Na5 15. Rfd1 Rc8 16. c3 Nc4 17. a4 Bxd5 18. Rxd5 Nb6 19. Rdd1 Nc4 20. axb5 axb5 21.
Bxc4 Rxc4 22. Ra7 Re8 23. Nxe5 Qb6 24. Rxe7 Rxe7 25. Nxc4 bxc4 26. Qxc4 g6 27. b4 Rc7 28. Qd3 Qc6 29. Qxd6 Qxc3 30. h3 Rc4 31. b5 Rxe4 32. b6 Re6 33. b7 Rxd6 34. b8=Q+ Kg7 35. Qxd6 Qc2 36. Qd4+ Kh6 37. h4 f5 38. Qf4+ Kg7 39. Rd7+ Kf6 40. Qg5+ Ke5 41. Qe7+ Kf4 42. Qe3+ Kg4 43.
Qg5# 1-0

[Event "*** Titled Tuesday Blitz"]
[Site "Chess.com"]
[Date "2020.04.07"]
[Round "3"]
[White "jk13"]
[Black "bazar-wokzal"]
[Result "1-0"]
[WhiteElo "2824"]
[BlackElo "2542"]
[TimeControl "180+1"]
[EndTime "13:27:34 PDT"]
[Termination "jk13 won by resignation"]

1. e4 c5 2. c3 Nf6 3. e5 Nd5 4.
Bc4 Qc7 5. Nf3 e6 6. O-O Nc6 7. d4 cxd4 8. cxd4 d6 9. Bxd5 exd5 10. Nc3 Be6 11. Bf4 a6 12. Re1 O-O-O 13. Rc1 Kb8 14.
b4 Qb6 15. a3 h6 16. Na4 Qb5 17.
exd6 Bxd6 18. Bxd6+ Rxd6 19. Rc5 Nxd4 20. Rxb5 Nxb5 21. Qd3 Rhd8 22. Nd4 Nc7 23. Nc5 Bc8 24. Re7 Rf6 25. h3 Re8 26. Rxe8 Nxe8 27. Qg3+ Ka7 28. Qe5 Nd6 29. Qxd5 1-0

[Event "*** Titled Tuesday Blitz"]
[Site "Chess.com"]
[Date "2020.04.07"]
[Round "3"]
[White "AEMEffi"]
[Black "GMMelik"]
[Result "0-1"]
[WhiteElo "2347"]
[BlackElo "2602"]
[TimeControl "180+1"]
[EndTime "13:27:36 PDT"]
[Termination "GMMelik won by checkmate"]

1. d4 Nf6 2. c4 g6 3. Nc3 d5 4.
cxd5 Nxd5 5. e4 Nxc3 6. bxc3 Bg7 7. Bc4 O-O 8. Ne2 Nc6 9. O-O e5 10. Ba3 Re8 11. d5 Na5 12. Bd3 b6 13. Qd2 c5 14.
Rad1 Nb7 15. Bb5 Bd7 16. Bxd7 Qxd7 17. c4 Nd6 18. Qd3 Qa4 19. Rc1 f5 20. f3 Bh6 21.
Rc3 fxe4 22. fxe4 Rf8 23. Ng3 Rxf1+ 24. Nxf1 Rf8 25. Qh3 Rxf1+ 26. Kxf1 Qd1+ 27. Kf2 Nxe4# 0-1

[Event "*** Titled Tuesday Blitz"]
[Site "Chess.com"]
[Date "2020.04.07"]
[Round "3"]
[White "ShahMatKanal"]
[Black "swimmerchess"]
[Result "0-1"]
[WhiteElo "2588"]
[BlackElo "2819"]
[TimeControl "180+1"]
[EndTime "13:27:37 PDT"]
[Termination "swimmerchess won by resignation"]

1. d4 Nf6 2. c4 g6 3. Nc3 Bg7 4. e4 d6 5. Be2 O-O 6. Nf3 e5 7. d5 Na6 8. O-O Nc5 9. Qc2 a5 10. Bg5 h6 11. Be3 Ng4 12. Bxc5 dxc5 13. h3 Nf6 14.
Nxe5 Nxd5 15. cxd5 Bxe5 16. f4 Bd4+ 17. Kh2 c6 18.
Qd3 cxd5 19. exd5 Bf5 20. Qf3 Re8 21. Bc4 Re3 22. Qd1 Qh4 23. Rf3 Bg4 24. Rxe3 Bxd1 25. g3 Qf6 26. Re1 Bc2 27. Rac1 Bf5 0-1

[Event "*** Titled Tuesday Blitz"]
[Site "Chess.com"]
[Date "2020.04.07"]
[Round "3"]
[White "Enriquack"]
[Black "MisaPap"]
[Result "0-1"]
[WhiteElo "2406"]
[BlackElo "2663"]
[TimeControl "180+1"]
[EndTime "13:27:39 PDT"]
[Termination "MisaPap won by resignation"]

1. e4 c5 2. Nf3 g6 3. Bc4 Nc6 4. O-O Bg7 5. Bb5 Nf6 6. Re1 O-O 7. d3 Qb6 8. Nc3 d6 9. h3 a6 10. Bc4 e6 11. a3 Qc7 12. Bg5 b5 13. Ba2 h6 14.
Bh4 Bb7 15. Qd2 Rac8 16. Bg3 Nd4 17. Nh2 Nh5 18. Bh4 g5 19. Bxg5 hxg5 20. Qxg5 Nf6 21. Re3 Nh7 22. Qh5 Nxc2 23. Rg3 Nxa1 24. Qh6 f5 25.
Qxe6+ Kh8 0-1

[Event "*** Titled Tuesday Blitz"]
[Site "Chess.com"]
[Date "2020.04.07"]
[Round "3"]
[White "Bulldog167"]
[Black "sorrm8thatscheckm8"]
[Result "0-1"]
[WhiteElo "2628"]
[BlackElo "2431"]
[TimeControl "180+1"]
[EndTime "13:27:39 PDT"]
[Termination "sorrm8thatscheckm8 won on time"]

1. e4 c5 2. Nf3 Nc6 3. d4 cxd4 4. Nxd4 Nf6 5. Nc3 e5 6. Ndb5 d6 7. Bg5 a6 8. Na3 b5 9. Nd5 Be7 10. Bxf6 Bxf6 11. c3 Bg5 12. Nc2 Rb8 13. g3 O-O 14. h4 Bh6 15. Bh3 Bxh3 16. Rxh3 f5 17. exf5 Rxf5 18.
Nce3 Rf7 19. Qg4 Bxe3 20. Nxe3 Ne7 21. Rd1 b4 22. cxb4 d5 23. Qe6 Qf8 0-1